 Dungeon Crawl Stone Soup version 0.22.0-16-gc6d26f6 (webtiles) character file.

1845 Lew the Blocker (level 9, -6/75 HPs)
             Began as a Gnoll Fighter on Aug 17, 2018.
             Mangled by Prince Ribbit (13 damage)
             ... on level 6 of the Dungeon.
             The game lasted 00:16:45 (5260 turns).

Lew the Blocker (Gnoll Fighter)                     Turns: 5260, Time: 00:16:45

Health: -6/75      AC: 10    Str: 25    XL:     9   Next: 12%
Magic:  16/16      EV: 12    Int: 10    God:
Gold:   277        SH: 12    Dex: 17    Spells: 17/18 levels left

rFire    . . .     SeeInvis +   a - +3 war axe
rCold    + . .     Gourm    .   c - +0 shield
rNeg     . . .     Faith    .   b - +0 scale mail
rPois    .         Spirit   .   u - +1 helmet {SInv}
rElec    .         Reflect  .   s - +0 cloak
rCorr    .         Harm     .   (no gloves)
MR       .....                  l - +0 pair of boots
Stlth    ++........             (no amulet)
HPRegen  0.22/turn              j - ring of protection from cold
MPRegen  0.15/turn              (no ring)

@: mighty, marked
A: distributed training, claws 1, fangs 1, deformed body, MP-powered wands,
strong nose
a: no special abilities


You were on level 6 of the Dungeon.
You were not hungry.

You visited 1 branch of the dungeon, and saw 7 of its levels.

You collected 277 gold pieces.

Inventory:

Hand Weapons
 a - a +3 war axe (weapon)
 i - a +2 short sword of venom
 p - a +0 flail of holy wrath
 v - a +0 blowgun
Missiles
 w - 56 poisoned needles
Armour
 b - a +0 scale mail (worn)
 c - a +0 shield (worn)
 l - a +0 pair of boots (worn)
 s - a +0 cloak (worn)
 u - a +1 helmet of see invisible (worn)
 y - a +0 plate armour
Jewellery
 j - a ring of protection from cold (left claw)
Wands
 n - a wand of enslavement (15)
 t - a wand of flame (27)
Scrolls
 e - 2 scrolls of remove curse
 g - a scroll of fear
 k - 2 scrolls of fog
 q - 2 scrolls of teleportation
 r - 2 scrolls of identify
 x - a scroll of amnesia
Potions
 A - a potion of flight
Comestibles
 f - 5 rations


   Skills:
 + Level 8.5 Fighting
 + Level 5.3 Short Blades
 + Level 5.3 Long Blades
 + Level 7.1 Axes
 + Level 5.3 Maces & Flails
 + Level 5.3 Polearms
 + Level 5.3 Staves
 + Level 5.3 Slings
 + Level 5.3 Bows
 + Level 5.3 Crossbows
 + Level 5.3 Throwing
 + Level 8.5 Armour
 + Level 5.3 Dodging
 + Level 5.3 Stealth
 + Level 8.5 Shields
 + Level 5.3 Unarmed Combat
 + Level 5.3 Spellcasting
 + Level 4.3 Conjurations
 + Level 4.3 Hexes
 + Level 4.3 Charms
 + Level 4.3 Summonings
 + Level 4.3 Necromancy
 + Level 4.3 Translocations
 + Level 4.3 Transmutations
 + Level 4.3 Fire Magic
 + Level 4.3 Ice Magic
 + Level 4.3 Air Magic
 + Level 4.3 Earth Magic
 + Level 4.3 Poison Magic
 + Level 5.8 Invocations
 + Level 5.3 Evocations


You had 17 spell levels left.
You knew the following spells:

 Your Spells              Type           Power        Failure   Level  Hunger
a - Pain                  Necr           ##..         19%         1    None

Your spell library contained the following spells:

 Spells                   Type           Power        Failure   Level  Hunger
 Animate Dead             Necr           N/A          87%         4    ####...
 Animate Skeleton         Necr           N/A          19%         1    None
 Vampiric Draining        Necr           ##........   47%         3    ###....
 Regeneration             Chrm/Necr      ##........   47%         3    ###....


Dungeon Overview and Level Annotations

Branches:
Dungeon (7/15)
 Temple: D:4-7

Altars:
Fedhas
Makhleb
Uskayaw
The Shining One

Annotations:
D:6 Prince Ribbit
D:7 Harold


Innate Abilities, Weirdness & Mutations

Your experience applies equally to all skills.
You have very sharp teeth.
Your uncanny sense of smell can sniff out nearby items.
You have sharp fingernails.
Armour fits poorly on your strangely shaped body.
You expend magic power (3 MP) to strengthen your wands.


Message History

You closely miss Prince Ribbit. Your bite misses Prince Ribbit.
Prince Ribbit is moderately wounded.
Prince Ribbit barely misses you. x2
You barely miss Prince Ribbit.
Prince Ribbit is moderately wounded.
Prince Ribbit misses you.
You miss Prince Ribbit.
Prince Ribbit is moderately wounded.
Prince Ribbit misses you. You block Prince Ribbit's attack.
You barely miss Prince Ribbit. You bite Prince Ribbit.
Prince Ribbit is moderately wounded.
You block Prince Ribbit's attack. Prince Ribbit hits you!
* * * LOW HITPOINT WARNING * * *
You feel very mighty all of a sudden. Prince Ribbit hits you!
* * * LOW HITPOINT WARNING * * *
You miss Prince Ribbit.
Prince Ribbit is moderately wounded.
Prince Ribbit hits you!
You die...

....#.....'...##...##....##....##
....#.....#...##...##[)..##....##
...##....##...##.....<)...'.....#
...##....##...##....(.)...#.....#
...##....##...##...###...##....##
..............##...#############
.......#.#.#..##.....#
.....[........##.....#
.......#.#.#...F@>†..#
...##................#
...##..#.#.#.........#
....#.........##..########
....'....##...###'####...#
....#....................#
...##....................#
...##....##..............#
...########...##.........#


You could see Prince Ribbit.

Vanquished Creatures
  Sigmund (D:2)
  2 ogres
  2 centaurs (D:6)
  A bullfrog (D:6)
  A scorpion (D:6)
  4 killer bees (D:6)
  4 orc priests
  Crazy Yiuf (D:2)
  2 bullfrog skeletons (D:5)
  A hound (D:4)
  An orc wizard (D:5)
  Ijyb (D:3)
  Terence (D:2)
  An iguana (D:6)
  4 worker ants
  A howler monkey zombie (D:5)
  8 adders
  An adder skeleton (D:4)
  2 worms (D:2)
  2 dart slugs (D:1)
  16 orcs
  3 giant cockroaches
  5 goblins
  4 hobgoblins
  8 jackals
  A quokka (D:5)
  A ball python (D:2)
  4 bats
  6 frilled lizards
  12 kobolds
  A leopard gecko zombie (D:6)
  A quokka skeleton (D:6)
  5 rats
108 creatures vanquished.

Notes
Turn   | Place    | Note
-------+----------+-------------------------------------------
     0 | D:1      | Lew the Gnoll Fighter began the quest for the Orb.
     0 | D:1      | Reached XP level 1. HP: 23/23 MP: 1/1
   204 | D:1      | Reached XP level 2. HP: 27/29 MP: 2/2
   796 | D:2      | Reached XP level 3. HP: 31/35 MP: 3/3
   900 | D:2      | Reached skill level 1 in Invocations
   902 | D:2      | Noticed Sigmund
   910 | D:2      | Killed Sigmund
   910 | D:2      | Reached skill level 1 in Short Blades
   910 | D:2      | Reached skill level 1 in Long Blades
   910 | D:2      | Reached skill level 1 in Maces & Flails
   910 | D:2      | Reached skill level 1 in Polearms
   910 | D:2      | Reached skill level 1 in Staves
   910 | D:2      | Reached skill level 1 in Slings
   910 | D:2      | Reached skill level 1 in Bows
   910 | D:2      | Reached skill level 1 in Crossbows
   910 | D:2      | Reached skill level 1 in Throwing
   910 | D:2      | Reached skill level 1 in Dodging
   910 | D:2      | Reached skill level 1 in Stealth
   910 | D:2      | Reached skill level 1 in Unarmed Combat
   910 | D:2      | Reached skill level 1 in Spellcasting
   910 | D:2      | Reached skill level 1 in Conjurations
   910 | D:2      | Reached skill level 1 in Hexes
   910 | D:2      | Reached skill level 1 in Charms
   910 | D:2      | Reached skill level 1 in Summonings
   910 | D:2      | Reached skill level 1 in Necromancy
   910 | D:2      | Reached skill level 1 in Translocations
   910 | D:2      | Reached skill level 1 in Transmutations
   910 | D:2      | Reached skill level 1 in Fire Magic
   910 | D:2      | Reached skill level 1 in Ice Magic
   910 | D:2      | Reached skill level 1 in Air Magic
   910 | D:2      | Reached skill level 1 in Earth Magic
   910 | D:2      | Reached skill level 1 in Poison Magic
   910 | D:2      | Reached skill level 1 in Evocations
   910 | D:2      | Reached XP level 4. HP: 29/41 MP: 4/6
   910 | D:2      | Reached XP level 5. HP: 34/47 MP: 4/7
  1049 | D:2      | Noticed Terence
  1059 | D:2      | Killed Terence
  1310 | D:2      | Found a runed door.
  1531 | D:2      | Noticed Crazy Yiuf
  1536 | D:2      | Killed Crazy Yiuf
  1536 | D:2      | Reached XP level 6. HP: 46/53 MP: 8/8
  1700 | D:3      | Noticed Ijyb
  1708 | D:3      | Killed Ijyb
  1892 | D:3      | Found a blossoming altar of Fedhas.
  2414 | D:3      | Gained mutation: You expend magic power (3 MP) to strengthen your wands. [potion of mutation]
  2414 | D:3      | Gained mutation: Armour fits poorly on your strangely shaped body. [potion of mutation]
  2414 | D:3      | Gained mutation: You have sharp fingernails. [potion of mutation]
  2486 | D:4      | Reached skill level 5 in Axes
  2554 | D:4      | Found a burning altar of Makhleb.
  2651 | D:4      | Got a warped spear
  2652 | D:4      | Identified the +0 spear of Xoti {holy, MR- Dex+4} (You found it on level 4 of the Dungeon)
  2702 | D:4      | Reached XP level 7. HP: 28/59 MP: 10/10
  3117 | D:4      | Reached skill level 5 in Short Blades
  3117 | D:4      | Reached skill level 5 in Long Blades
  3117 | D:4      | Reached skill level 5 in Maces & Flails
  3117 | D:4      | Reached skill level 5 in Polearms
  3117 | D:4      | Reached skill level 5 in Staves
  3117 | D:4      | Reached skill level 5 in Slings
  3117 | D:4      | Reached skill level 5 in Bows
  3117 | D:4      | Reached skill level 5 in Crossbows
  3117 | D:4      | Reached skill level 5 in Throwing
  3117 | D:4      | Reached skill level 5 in Dodging
  3117 | D:4      | Reached skill level 5 in Stealth
  3117 | D:4      | Reached skill level 5 in Unarmed Combat
  3117 | D:4      | Reached skill level 5 in Spellcasting
  3117 | D:4      | Reached skill level 5 in Invocations
  3117 | D:4      | Reached skill level 5 in Evocations
  3117 | D:4      | Reached XP level 8. HP: 69/69 MP: 10/15
  3154 | D:5      | Entered Level 5 of the Dungeon
  3219 | D:5      | Learned a level 1 spell: Pain
  3748 | D:5      | Found a glowing golden altar of the Shining One.
  3813 | D:5      | Found a burning altar of Makhleb.
  4190 | D:6      | Noticed a dagger
  4190 | D:6      | Noticed a hand axe
  4194 | D:6      | Found a hide-covered altar of Uskayaw.
  4560 | D:6      | Reached XP level 9. HP: 28/75 MP: 16/16
  4602 | D:6      | HP: 3/75 [poisoned by a killer bee]
  5225 | D:7      | Noticed Harold
  5230 | D:7      | Noticed Prince Ribbit
  5260 | D:6      | Mangled by Prince Ribbit

Skill      XL: |  1  2  3  4  5  6  7  8 |
---------------+-------------------------+-----
Invocations    | 1 2 5 |  5.8
Short Blades   | 1 2 5 |  5.3
Long Blades    | 1 2 5 |  5.3
Maces & Flails | 1 2 5 |  5.3
Polearms       | 1 2 5 |  5.3
Staves         | 1 2 5 |  5.3
Slings         | 1 2 5 |  5.3
Bows           | 1 2 5 |  5.3
Crossbows      | 1 2 5 |  5.3
Throwing       | 1 2 5 |  5.3
Dodging        | 1 2 5 |  5.3
Stealth        | 1 2 5 |  5.3
Unarmed Combat | 1 2 5 |  5.3
Spellcasting   | 1 2 5 |  5.3
Conjurations   | 1 4 |  4.3
Hexes          | 1 4 |  4.3
Charms         | 1 4 |  4.3
Summonings     | 1 4 |  4.3
Necromancy     | 1 4 |  4.3
Translocations | 1 4 |  4.3
Transmutations | 1 4 |  4.3
Fire Magic     | 1 4 |  4.3
Ice Magic      | 1 4 |  4.3
Air Magic      | 1 4 |  4.3
Earth Magic    | 1 4 |  4.3
Poison Magic   | 1 4 |  4.3
Evocations     | 1 2 5 |  5.3
Axes           | 5 6 7 |  7.1
Fighting       | 8 |  8.5
Armour         | 8 |  8.5
Shields        | 8 |  8.5

Action                   |  1- 3 |  4- 6 |  7- 9 || total
-------------------------+-------+-------+-------++-------
Melee: War axe           |    38 |       |    38 ||    76
       Bite              |     7 |    12 |    24 ||    43
       Short sword       |    31 |   112 |   119 ||   262
 Cast: Pain              |       |       |     8 ||     8
  Use: Scroll            |       |     9 |     6 ||    15
       Potion            |       |     7 |     8 ||    15
 Stab: Sleeping          |       |       |     3 ||     3
  Eat: Ration            |       |     2 |     2 ||     4
       Chunk             |       |       |     1 ||     1
Armor: Scale mail        |    26 |    25 |    44 ||    95
Dodge: Dodged            |    16 |    34 |   106 ||   156
Block: Shield            |    38 |    67 |   122 ||   227
